 Dungeon Crawl Stone Soup version 0.28.0-43-g3370ac3207 (webtiles) character file.

Game seed: 824214860537668849

243 mortz the Slasher (level 6, -5/47 HPs)
             Began as a Human Fighter on Mar 19, 2022.
             Killed from afar by Sigmund (10 damage)
             ... with a puff of flame
             ... on level 3 of the Dungeon.
             The game lasted 00:20:04 (2565 turns).

mortz the Slasher (Human Fighter)                   Turns: 2565, Time: 00:20:05

Health: -5/47      AC: 13    Str: 18    XL:     6   Next: 31%
Magic:  6/6        EV:  5    Int:  8    God:
Gold:   21         SH:  5    Dex: 13    Spells: 5/5 levels left

rFire   . . .      SeeInvis .   a - +0 long sword {long}
rCold   . . .      Faith    .   c - +0 buckler
rNeg    . . .      Spirit   .   l - +0 plate armour
rPois   .          Reflect  .   (no helmet)
rElec   .          Harm     .   q - scarf {repulsion}
rCorr   .          Rampage  .   (no gloves)
Will    +....                   o - +0 pair of boots
Stlth   ..........              (no amulet)
HPRegen 0.15/turn               m - ring of willpower
MPRegen 0.10/turn               (no ring)

@: repel missiles
A: no striking features
a: no special abilities


You were on level 3 of the Dungeon.
You visited 1 branch of the dungeon, and saw 3 of its levels.

You collected 41 gold pieces.
You spent 20 gold pieces at shops.


   Skills:
 + Level 3.6 Fighting
 + Level 4.2 Long Blades
 + Level 0.1 Throwing
 + Level 4.1 Armour
 + Level 0.5 Dodging
 + Level 3.8 Shields


You had 5 spell levels left.
You didn't know any spells.
Your spell library contained the following spells:

 Spells                   Type           Power      Damage    Failure   Level
 Sandblast                Erth           0%         2d4       100%        1
 Summon Small Mammal      Summ           0%         N/A       100%        1
 Passwall                 Tmut/Erth      0%         N/A       100%        2
 Call Canine Familiar     Summ           0%         N/A       100%        3
 Stone Arrow              Conj/Erth      0%         3d7       100%        3
 Summon Guardian Golem    Hex/Summ       0%         N/A       100%        3

Inventory:

Hand Weapons
 a - a +0 long sword (weapon) {long}
 j - a +0 dagger of flaming {short}
   (You took it off a goblin on level 1 of the Dungeon)
Missiles
 i - 62 stones (quivered) {throwing}
 n - 3 atropa-tipped darts {throwing}
Armour
 c - a +0 buckler (worn)
 k - a +0 cloak
   (You found it on level 2 of the Dungeon)
 l - a +0 plate armour (worn)
   (You found it on level 1 of the Dungeon)
 o - a +0 pair of boots (worn)
   (You found it on level 2 of the Dungeon)
 q - a scarf of repulsion (worn)
   (You found it on level 2 of the Dungeon)
 r - a +1 ring mail of cold resistance
   (You found it on level 2 of the Dungeon)
Jewellery
 g - a ring of ice
   (You found it on level 1 of the Dungeon)
 m - a ring of willpower (left hand)
   (You found it on level 2 of the Dungeon)
Scrolls
 h - a scroll of magic mapping {!r}
 s - a scroll of immolation {unknown}
Potions
 d - a potion of might
 e - a potion of attraction {unknown}

Dungeon Overview and Level Annotations

Branches:
Dungeon (3/15)

Altars:
Zin

Shops:
D:1 ?   D:2 ?

Annotations:
D:3 Sigmund

#### #...
###...#######
##...........#
#..≈≈≈≈≈≈≈≈..###
...≈..§....≈....
#..≈.≈≈§≈≈.≈..#
#.?≈.≈§.@≈.≈..#
#.@§.≈._.≈.≈..#
#..≈.≈†..≈.≈..#
..
#..≈..≈≈≈≈.≈.##
#.#
##..≈.......≈.#
..
#...≈≈≈≈≈≈≈≈≈.#
#.
#.............#
#.#
...........###
#.. #)##########


You could see Sigmund.


Message History

Aim: Natasha (lightly wounded, 50% to hit)
You throw a stone {throwing}.
The stone {throwing} closely misses Natasha.
Throw: 49 stones {throwing}
Press: ? - help, Q - select action, (/) - cycle Shift-Dir - straight line, f/p - Natasha
Aim: Natasha (lightly wounded, 50% to hit)
You throw a stone {throwing}.
The stone {throwing} barely misses Natasha.
Throw: 48 stones {throwing}
Press: ? - help, Q - select action, (/) - cycle Shift-Dir - straight line, f/p - Natasha
Aim: Natasha (lightly wounded, 50% to hit)
You throw a stone {throwing}.
The stone {throwing} hits Natasha but does no damage.
You block Natasha's attack.
You slash Natasha! Natasha claws you. 😕 HP[-1]
You take 1 damage, and now have 40/41 hp.
You completely miss Natasha. Natasha claws you but does no damage.
You closely miss Natasha.
Natasha mumbles some strange words.
You barely miss Natasha.
Natasha drinks a potion.
Natasha is healed!
The crimson imp barely misses you. Natasha claws you but does no damage.
You closely miss Natasha.
The crimson imp hits you but does no damage.
Natasha casts a spell.
You hit Natasha.
You kill Natasha!
Natasha yowls pathetically as she dies!
The crimson imp disappears in a puff of smoke! x2
You hear the slow rusting of a very distant drain.
You see here the felid corpse of Natasha.
i - 48 stones {throwing} (gained 1) 😎 HP[+1]
Your hp is fully restored (41).
i - 49 stones {throwing} (gained 1)
i - 50 stones {throwing} (gained 1)
i - 62 stones {throwing} (gained 12) Sigmund the Dreaded comes into view.
He is wielding a +0 scythe of holy wrath.
Sigmund mumbles some strange words.
Sigmund flickers and vanishes!
Deactivating autopickup; reactivate with Ctrl-A.
You open the door.
There is an open door here.
You open the door.
An ogre comes into view. It is wielding a +0 giant spiked club.
The ogre shouts!
A magic dart appears from out of thin air!
The magic dart hits you but does no damage.
You barely miss the ogre. The ogre barely misses you.
You slash the ogre! You block the ogre's attack.
You slash the ogre!
The ogre hits you with a +0 giant spiked club!
Something hits you! 😮 HP[-17]
You take 17 damage, and now have 24/41 hp.
MASSIVE DAMAGE!! (PAUSE)
You hit the ogre but do no damage.
You hear the slow rusting of a very distant drain.
Sigmund appears from thin air!
Reactivating autopickup.
The ogre hits you with a +0 giant spiked club!!
* * * LOW HITPOINT WARNING * * *
😱 HP[-18]
You take 18 damage, and now have 6/41 hp.
MASSIVE DAMAGE!! (PAUSE)
You barely miss the ogre. Sigmund barely misses you.
The ogre barely misses you.
You hit the ogre.
You kill the ogre!
Sigmund hits you from afar with a +0 scythe of holy wrath.
* * * LOW HITPOINT WARNING * * *
Your Long Blades skill increases to level 4!
Your Armour skill increases to level 4!
You have reached level 6! 😱 HP[-2] MP[+1]
You now have 47 max hp (+6).
Your mp is fully restored (6).
Really read
p - a scroll of blinking {!r}? [Y]es or [N]o only, please.
Really read
p - a scroll of blinking {!r}?
Uppercase [Y]es or [N]o only, please.
Really read
p - a scroll of blinking {!r}? [Y]es or [N]o only, please.
Really read
p - a scroll of blinking {!r}? [Y]es or [N]o only, please.
Really read
p - a scroll of blinking {!r}?
Blink to where?
Press: ? - help, Dir - move target
Found a scroll of blinking.
Found a glowing silver altar of Zin.
As you read the scroll of blinking {!r}, it crumbles to dust.
You closely miss the giant cockroach.
The giant cockroach bites you but does no damage. x2
You slash the giant cockroach!
You kill the giant cockroach! 😱 HP[+1] Sigmund is suddenly surrounded by pale blue light.
Sigmund points at you and mumbles some strange words.
The puff of flame hits you!
You die...

Skill      XL: |  1  2  3  4  5 |
---------------+----------------+-----
Long Blades    | 3 4 |  4.2
Armour         | 4 |  4.1
Fighting       | |  3.6
Throwing       | |  0.1
Dodging        | |  0.5
Shields        | |  3.8

Action                   |  1- 3 |  4- 6 || total
-------------------------+-------+-------++-------
Melee: Long sword        |    54 |   119 ||   173
Throw: Stone             |       |     4 ||     4
  Use: Scroll            |       |     3 ||     3
Armor: Scale mail        |    23 |     4 ||    27
       Plate armour      |       |    62 ||    62
Dodge: Dodged            |    23 |    31 ||    54
Block: Buckler           |     9 |    25 ||    34

Levels and vault maps discovered:
D:1:      kennysheep_arrival_seaside, layout_loops_corners, serial_shops, shop,
          basic_ecumenical_altar, minmay_distorted
D:2:      layout_basic, serial_shops, shop, dk_noncrumbling_3, uniq_jessica,
          uniq_terence
D:3:      layout_basic, mainiacjoe_overflow_concentric_impassable,
          cheibrodos_sewer_entry_bend, uniq_natasha, uniq_sigmund, uniq_ijyb

Notes
Turn   | Place    | Note
-------+----------+-------------------------------------------
     0 | D:1      | mortz the Human Fighter began the quest for the Orb.
     0 | D:1      | Reached XP level 1. HP: 18/18 MP: 1/1
     0 | D:1      | magus.rc [v1.9.6]
   151 | D:1      | Reached XP level 2. HP: 24/24 MP: 2/2
   391 | D:1      | You pick up a book of Callings and begin reading...
   391 | D:1      | You add the spells Summon Small Mammal, Call Canine
                  | Familiar and Summon Guardian Golem to your library.
   563 | D:1      | Reached XP level 3. HP: 29/29 MP: 3/3
   571 | D:1      | Found a faded altar of an unknown god.
   802 | D:1      | You fall into a shaft and drop 1 floor!
   828 | D:2      | Noticed Terence
   834 | D:2      | Killed Terence
   835 | D:2      | Reached XP level 4. HP: 30/35 MP: 4/4
  1026 | D:1      | Found Dunagge's Magic Scroll Boutique.
  1044 | D:1      | You pick up a book of Geomancy and begin reading...
  1044 | D:1      | You add the spells Sandblast, Passwall and Stone Arrow to
                  | your library.
  1476 | D:2      | Reached skill level 3 in Long Blades
  1623 | D:2      | magus.rc [v1.9.6]
  1638 | D:2      | Noticed Jessica
  1659 | D:2      | Killed Jessica
  1660 | D:2      | Reached XP level 5. HP: 33/41 MP: 5/5
  1993 | D:2      | Found Feukar's Magic Scroll Emporium.
  2206 | D:2      | magus.rc [v1.9.6]
  2295 | D:2      | Bought a scroll of identify for 20 gold pieces
  2494 | D:3      | Noticed Natasha
  2504 | D:3      | Killed Natasha
  2528 | D:3      | Noticed Sigmund
  2548 | D:3      | Noticed an ogre
  2553 | D:3      | HP: 6/41 [ogre/+0 giant spiked club (18)]
  2555 | D:3      | Killed an ogre
  2556 | D:3      | Reached skill level 4 in Long Blades
  2556 | D:3      | Reached skill level 4 in Armour
  2556 | D:3      | Reached XP level 6. HP: 4/47 MP: 6/6
  2556 | D:3      | Found a glowing silver altar of Zin.
  2565 | D:3      | Killed from afar by Sigmund

Vanquished Creatures
  An ogre (D:3)
  Jessica (D:2)
  Terence (D:2)
  Natasha (D:3)
  2 adders (D:2)
  2 dart slugs
  6 ball pythons
  4 bats
  6 endoplasms
  5 giant cockroaches
  5 goblins
  A hobgoblin (D:1)
  6 jackals
  3 kobolds
  4 quokkas
  3 frilled lizards
  3 rats
54 creatures vanquished.

Table legend:
 A = Non-vault XP
 B = Vault XP
 C = Vault XP percentage of total XP
 D = Non-vault monster count
 E = Vault monster count
 F = Vault count percentage of total count
                 A         B        C        D         E       F
            +---------+---------+-------+---------+---------+-------
      Total |     237 |     111 |  31.9 |      49 |       5 |   9.3
            +---------+---------+-------+---------+---------+-------
        D:1 |      47 |       3 |   6.0 |      24 |       2 |   7.7
        D:2 |      60 |      73 |  54.9 |      21 |       2 |   8.7
        D:3 |     130 |      35 |  21.2 |       4 |       1 |  20.0
            +---------+---------+-------+---------+---------+-------

Illustrated notes

Table legend:
 A = Kills in this place as a percentage of kills in entire the game.
 B = Kills by you in this place as a percentage of kills by you in the entire game.
 C = Kills by friends in this place as a percentage of kills by friends in the entire game.
 D = Other kills in this place as a percentage of other kills in the entire game.
 E = Experience gained in this place as a percentage of experience gained in the entire game.
 F = Experience gained in this place divided by the number of levels of this place that you have seen.
                   A       B       C       D       E      F
               +-------+-------+-------+-------+-------+----------------------
         Total | 100.0 | 100.0 |   N/A |   N/A | 100.0 | 116.0
       Dungeon | 100.0 | 100.0 |   N/A |   N/A | 100.0 | 116.0
               +-------+-------+-------+-------+-------+----------------------

Table legend: (Time is in decaauts)
 A = Elapsed time spent in this place.
 B = Non-inter-level travel time spent in this place.
 C = Inter-level travel time spent in this place.
 D = Time resting spent in this place.
 E = Time spent auto-exploring this place.
 F = Levels seen in this place.
 G = Mean time per level.
                   A        B        C        D        E       F      G
               +--------+--------+--------+--------+--------+-----+--------+
         Total |   2619 |   2461 |    158 |      0 |   1866 |   3 |  873.0 |
       Dungeon |   2619 |   2461 |    158 |      0 |   1866 |   3 |  873.0 |
               +--------+--------+--------+--------+--------+-----+--------+

Top non-repeatable levels by time:
     D:1: 1366 daAuts
     D:2: 1140 daAuts
     D:3: 112 daAuts
